 Dungeon Crawl Stone Soup version 0.30-a0-840-ga523dec638 (webtiles) character file.

Game seed: 1254506920511237208

5691 zenocrate the Martial Artist (level 10, -1/94 HPs)
             Began as an Octopode Transmuter on Mar 2, 2023.
             Was a Priest of Elyvilon.
             Slain by a boulder beetle (9 damage)
             ... on level 1 of the Lair of Beasts.
             The game lasted 00:10:51 (8796 turns).

zenocrate the Martial Artist (Octopode Transmuter)  Turns: 8796, Time: 00:10:52

Health: -1/94      AC: 25    Str:  9    XL:     10   Next: 76%
Magic:  13/15      EV:  2    Int: 19    God:    Elyvilon [***...]
Gold:   568        SH:  0    Dex: 14    Spells: 9/16 levels left

rFire   . . .      SeeInvis .      - Unarmed
rCold   . . .      Faith    .    (no shield)
rNeg    . . .      Spirit   .    (helmet currently unavailable)
rPois   +          Reflect  .    j - amulet of regeneration
rElec   .          Harm     .    n - ring of resist corrosion
rCorr   +          Rampage  .    (no ring)
Will    .....      NoTele   +    (no ring)
Stlth   ++                       (no ring)
HPRegen 1.15/turn                (no ring)
MPRegen 0.14/turn                (no ring)
                                 (no ring)
                                 (no ring)

@: tree-form, frozen, hasted, quick
A: stationary, stasis, torment immunity, boosted hp, almost no armour,
(amphibious), 8 rings, (camouflage 1), (gelatinous body 1), (nimble swimmer 1),
(tentacles)
a: Renounce Religion, Purification, Heal Other, Heal Self


You were on level 1 of the Lair of Beasts.
You worshipped Elyvilon.
Elyvilon was most pleased with you.
You were a tree.
You visited 3 branches of the dungeon, and saw 10 of its levels.

You collected 568 gold pieces.

Inventory:

Missiles
 l - 24 poisoned darts
 y - 4 boomerangs (quivered)
 C - a throwing net
Jewellery
 j - an amulet of regeneration (around neck)
 n - a ring of resist corrosion (left branch)
Wands
 u - a wand of iceblast (8)
Scrolls
 c - a scroll of fear {unknown}
 g - a scroll of enchant weapon
 h - a scroll of immolation {unknown}
 i - 2 scrolls of enchant armour
 m - a scroll of brand weapon {unknown}
 o - 2 scrolls of teleportation
 p - 2 scrolls of amnesia
 r - a scroll of noise {unknown}
 t - a scroll of vulnerability {unknown}
 v - a scroll of fog
 w - a scroll of poison {unknown}
 x - a scroll of magic mapping {unknown}
Potions
 a - a potion of ambrosia
 b - 2 potions of resistance
 d - 3 potions of magic
 e - 2 potions of might
 f - 2 potions of cancellation
 k - 3 potions of curing
 q - 3 potions of invisibility
 s - a potion of haste
 A - 3 potions of flight
 B - a potion of heal wounds


   Skills:
 + Level 3.2 Fighting
 + Level 3.7 Dodging
 - Level 2.0 Stealth
 + Level 10.1 Unarmed Combat
 + Level 3.6 Spellcasting
 + Level 9.8 Transmutations
 - Level 5.4 Ice Magic


You had 9 spell levels left.
You knew the following spells:

 Your Spells              Type           Power      Damage    Failure   Level
a - Wereblood             Tmut           40%        N/A       1%          2
b - Ice Form              Ice/Tmut       32%        N/A       6%          4
c - Beastly Appendage     Tmut           80%        N/A       1%          1

Your spell library contained the following spells:

 Spells                   Type           Power      Damage    Failure   Level
 Passwall                 Tmut/Erth      18%        N/A       3%          2
 Spider Form              Tmut/Pois      22%        N/A       6%          3
 Ensorcelled Hibernation  Hex/Ice        26%        N/A       7%          2
 Apportation              Tloc           6%         N/A       14%         1
 Magic Dart               Conj           12%        1d3       14%         1
 Necrotise                Necr           12%        1d4       14%         1
 Sandblast                Erth           6%         2d5       14%         1
 Slow                     Hex            12%        N/A       14%         1
 Summon Small Mammal      Summ           12%        N/A       14%         1
 Searing Ray              Conj           6%         2d4       22%         2
 Confusing Touch          Hex            3%         N/A       41%         3
 Stone Arrow              Conj/Erth      6%         3d7       41%         3
 Swiftness                Air            3%         N/A       41%         3
 Vampiric Draining        Necr           3%         2d6       41%         3
 Fulminant Prism          Conj/Hex       1%         3d5       82%         4


Dungeon Overview and Level Annotations

Branches:
Dungeon (8/15)             Temple (1/1) D:4            Lair (1/5) D:8

Altars:
Ashenzari
Cheibriados
Dithmenos
Elyvilon
Fedhas
Gozag
Hepliaklqana
Makhleb
Nemelex Xobeh
Okawaru
Qazlal
Ru
Sif Muna
Trog
Uskayaw
Wu Jian
Yredelemnul
Zin
The Shining One

Shops:
D:4 [


Innate Abilities, Weirdness & Mutations

You are a tree.
Your roots penetrate the ground, keeping you stationary.
You cannot be teleported.
You are immune to unholy pain and torment.
Your maximum health is greatly increased.
You cannot wear most types of armour.
((You are amphibious.))
You can wear up to eight rings at the same time.
((Your skin changes colour to match your surroundings (Stealth+).))
((Your rubbery body absorbs attacks. (AC +1, EV +1)))
((You are camouflaged when in or above water. (Stealth+)))
((You have tentacles for arms and can constrict up to eight enemies at once.))


Message History

You punch the boulder beetle, but do no damage.
The boulder beetle is lightly wounded.
You smack the boulder beetle!
The boulder beetle is moderately wounded.
The boulder beetle bites you but does no damage.
You hit the boulder beetle but do no damage.
The boulder beetle is moderately wounded.
The boulder beetle bites you!
You hit the boulder beetle.
The boulder beetle is moderately wounded.
The boulder beetle bites you but does no damage.
You smack the boulder beetle!
The boulder beetle is moderately wounded.
The blink frog hits you!
* * * LOW HITPOINT WARNING * * *
A rime drake comes into view.
The boulder beetle bites you but does no damage.
The blink frog hits you but does no damage.
The rime drake hisses angrily.
You hit the boulder beetle.
The boulder beetle is heavily wounded.
The blink frog hits you.
* * * LOW HITPOINT WARNING * * *
The rime drake breathes ice at you.
The icy flash freeze hits you but does no damage.
You are encased in ice.
You feel yourself speed up. The boulder beetle barely misses you.
The blink frog hits you.
* * * LOW HITPOINT WARNING * * *
You hit the boulder beetle but do no damage.
You punch the boulder beetle.
The boulder beetle is heavily wounded.
The boulder beetle bites you but does no damage.
The blink frog hits you but does no damage.
You smack the boulder beetle!
The boulder beetle is severely wounded.
The blink frog hits you.
* * * LOW HITPOINT WARNING * * *
The blink frog blinks!
The boulder beetle bites you!
You die...

....... ...!...
.k8.8.8 .......
....... .
#...8..#### .#
.......#..### ..#
#♣B.#P###..##
#.§..F.......
#............
#..††........
#........###
#.......#
#........#..
#?......#
#........P...
#.......#
#####............
#......>
........>....#...


You could see a boulder beetle, a blink frog and a rime drake.

Vanquished Creatures
  Pikel (D:5)
  A kobold demonologist (D:6)
  A rime drake (D:8)
  2 blink frogs (Lair:1)
  Prince Ribbit (D:5)
  Sigmund (D:3)
  A wyvern (D:6)
  An acid dragon (D:8)
  A water moccasin (Lair:1)
  6 ice beasts
  2 black bears
  6 wolves
  An ogre (D:5)
  2 centaurs (D:8)
  2 kobold brigands
  4 bullfrogs
  2 necrophages
  3 scorpions
  6 wights (D:8)
  3 killer bees (D:8)
  6 howler monkeys
  3 hounds
  An orc priest (D:3)
  2 jellies (D:7)
  Terence (D:2)
  9 iguanas
  6 orc wizards
  6 gnolls (D:5)
  12 adders
  A shadow imp (D:6)
  A white imp (D:8)
  An ufetubus (D:6)
  2 worms (D:3)
  4 dart slugs
  19 orcs
  13 ball pythons
  12 endoplasms
  A giant cockroach (D:1)
  5 goblins
  8 hobgoblins
  4 jackals (D:1)
  7 quokkas
  A bat (D:2)
  3 frilled lizards
  13 kobolds
  3 rats (D:1)
191 creatures vanquished.

Vanquished Creatures (others)
  A fungus (Lair:1)
  A plant (Lair:1)
2 creatures vanquished.

Grand Total: 193 creatures vanquished

Notes
Turn   | Place    | Note
-------+----------+-------------------------------------------
     0 | D:1      | zenocrate the Octopode Transmuter began the quest for the
                  | Orb.
     0 | D:1      | Reached XP level 1. HP: 13/13 MP: 3/3
   174 | D:1      | Reached skill level 1 in Stealth
   229 | D:1      | Reached XP level 2. HP: 16/18 MP: 3/5
   268 | D:1      | Learned a level 2 spell: Wereblood
   626 | D:1      | Reached XP level 3. HP: 23/23 MP: 2/6
  1320 | D:2      | Identified the +10 dagger of Zuisea {spect, rC+}
  1334 | D:2      | Noticed Terence
  1344 | D:2      | Killed Terence
  1345 | D:2      | Reached XP level 4. HP: 15/28 MP: 3/7
  1445 | D:2      | Reached skill level 4 in Unarmed Combat
  2139 | D:2      | Learned a level 4 spell: Ice Form
  2188 | D:3      | Reached XP level 5. HP: 28/32 MP: 5/8
  2435 | D:3      | Found a faded altar of an unknown god.
  2637 | D:3      | Noticed Sigmund
  2648 | D:3      | Killed Sigmund
  2649 | D:3      | Reached XP level 6. HP: 27/38 MP: 6/9
  2805 | D:3      | Reached skill level 5 in Unarmed Combat
  2828 | D:3      | Found a broken altar of Ashenzari.
  3091 | D:4      | Reached XP level 7. HP: 35/43 MP: 6/10
  3357 | D:4      | Found a staircase to the Ecumenical Temple.
  3382 | Temple   | Entered the Ecumenical Temple
  3622 | Temple   | Became a worshipper of Elyvilon the Healer
  3693 | D:4      | Reached skill level 5 in Transmutations
  3830 | D:4      | Found Hadad-Baal's Dragon-Slaying Spoils.
  4075 | D:5      | Entered Level 5 of the Dungeon
  4129 | D:5      | Noticed Pikel
  4469 | D:5      | HP: 2/43 [Pikel/+2 whip of flaming (2)]
  4470 | D:5      | Killed Pikel
  4471 | D:5      | Reached skill level 6 in Unarmed Combat
  4471 | D:5      | Reached XP level 8. HP: 33/48 MP: 8/11
  4614 | D:5      | Reached * piety under Elyvilon
  4759 | D:5      | Reached skill level 5 in Ice Magic
  4762 | D:5      | Noticed Prince Ribbit
  4770 | D:5      | Killed Prince Ribbit
  4771 | D:5      | Reached skill level 7 in Unarmed Combat
  4991 | D:5      | Reached XP level 9. HP: 53/53 MP: 7/12
  5291 | D:5      | Found a glowing golden altar of the Shining One.
  5639 | D:6      | Noticed a kobold demonologist
  5651 | D:6      | Noticed an ice devil
  5651 | D:6      | Killed a kobold demonologist
  5652 | D:6      | Reached skill level 8 in Unarmed Combat
  5952 | D:6      | Reached ** piety under Elyvilon
  6047 | D:6      | Found a hazy altar of Hepliaklqana.
  6591 | D:7      | Found a hide-covered altar of Uskayaw.
  6598 | D:7      | Reached skill level 9 in Unarmed Combat
  7460 | D:8      | Noticed a rime drake
  7471 | D:8      | Reached XP level 10. HP: 58/58 MP: 3/13
  7551 | D:8      | Found a staircase to the Lair.
  7709 | D:8      | Reached *** piety under Elyvilon
  8042 | D:8      | Found a stormy altar of Qazlal.
  8048 | D:8      | Noticed a cyclops
  8054 | D:8      | Elyvilon protects you from harm!
  8666 | Lair:1   | Entered Level 1 of the Lair of Beasts
  8760 | Lair:1   | Reached skill level 10 in Unarmed Combat
  8774 | Lair:1   | Noticed a boulder beetle
  8796 | Lair:1   | Slain by a boulder beetle

Illustrated notes

Levels and vault maps discovered:
D:1:      minmay_arrival_plants_in_alcoves, layout_loops_ring, serial_rivers,
          chequers_serial_rivers_small_b, chequers_serial_rivers_room_a,
          chequers_serial_rivers_small_b, chequers_serial_rivers_large_a
D:2:      layout_loops_ring, uniq_terence
D:3:      layout_rooms, evilmike_ruin_ashenzari, serial_curves, eino_curves_04,
          eino_curves_04, eino_curves_04, eino_curves_03,
          nicolae_ecumenical_snake_handling, chequers_serial_rivers_micro_a,
          uniq_sigmund
D:4:      layout_cave_pools, minmay_temple_entry_junction,
          nicolae_shop_dragon_depot
D:5:      layout_basic, mainiacjoe_overflow_brackets, minmay_hedge_maze,
          uniq_prince_ribbit1, uniq_pikel
D:6:      layout_cave_pods, nicolae_overflow_hidden_temple,
          hangedman_decor_slide_cut, minmay_chambers_of_fives
D:7:      layout_loops_ring, mainiacjoe_overflow_surrounded_room
D:8:      layout_basic, nicolae_qazlal_general_emergency,
          hellmonk_lair_entry_icy, moated_statue, dk_vineyard_1,
          minmay_joined_circles
Temple:   eino_temple_water
Lair:1:   layout_chaotic_city, basic_altar, grunt_megastairs_3,
          lemuel_fruit_fields

Skill      XL: |  1  2  3  4  5  6  7  8  9 10 |
---------------+-------------------------------+-----
Stealth        | 1 2 |  2.0
Transmutations | 3 4 6 7 9 |  9.8
Unarmed Combat | 4 5 6 7 9 10 | 10.1
Ice Magic      | 2 4 5 |  5.4
Fighting       | 3 |  3.2
Dodging        | 3 |  3.7
Spellcasting   | 3 |  3.6

Action                     |  1- 3 |  4- 6 |  7- 9 | 10-12 || total
---------------------------+-------+-------+-------+-------++-------
  Melee: Unarmed           |    69 |    99 |   235 |   121 ||   524
         Kick              |    24 |    29 |    30 |       ||    83
         Constrict         |    19 |    25 |    18 |       ||    62
         Tentacles         |    13 |    15 |    22 |       ||    50
         Punch             |     3 |     4 |     5 |     3 ||    15
  Throw: Dart              |       |     2 |       |       ||     2
         Boomerang         |       |       |       |     5 ||     5
   Cast: Beastly Appendage |    22 |    24 |    15 |       ||    61
         Wereblood         |    16 |    22 |    35 |     8 ||    81
         Ice Form          |       |       |    23 |     7 ||    30
  Evoke: Wand              |       |       |       |     2 ||     2
    Use: Scroll            |     4 |     4 |     6 |     7 ||    21
         Potion            |       |     1 |     4 |     5 ||    10
   Stab: Sleeping          |     6 |     3 |     3 |     1 ||    13
 Armour: Skin              |     3 |     7 |    85 |    53 ||   148
  Dodge: Dodged            |    38 |    53 |   118 |    50 ||   259

Table legend: (Time is in decaauts)
 A = Elapsed time spent in this place.
 B = Non-inter-level travel time spent in this place.
 C = Inter-level travel time spent in this place.
 D = Time resting spent in this place.
 E = Time spent auto-exploring this place.
 F = Levels seen in this place.
 G = Mean time per level.
                   A        B        C        D        E       F      G
               +--------+--------+--------+--------+--------+-----+--------+
         Total |   8727 |   8531 |    196 |    348 |   6707 |  10 |  872.7 |
       Dungeon |   8353 |   8166 |    187 |    348 |   6436 |   8 | 1044.1 |
        Temple |    250 |    241 |      9 |      0 |    213 |   1 |  250.0 |
          Lair |    123 |    123 |      0 |      0 |     58 |   1 |  123.0 |
               +--------+--------+--------+--------+--------+-----+--------+

Top non-repeatable levels by time:
     D:5: 1320 daAuts
     D:8: 1250 daAuts
     D:1: 1128 daAuts
     D:6: 1038 daAuts
     D:2: 1026 daAuts
     D:7: 937 daAuts
     D:4: 830 daAuts
     D:3: 821 daAuts
  Temple: 250 daAuts
  Lair:1: 123 daAuts
